TOP OF THE 1ST |
Eugene Emeralds batting - Pitching for Batavia Muckdogs : RHP Sean Fowler
|
Pitching: RHP Sean Fowler
|
|
Batting: RHB Hugo Torrez
|
0-0: Ball 1-0: Fly out, F7 (Flyball, 7D, EV 97.5 MPH)
|
Batting: RHB Dustin Goldsborough
|
0-0: Ball 1-0: Ball 2-0: Called Strike 2-1: Ball 3-1: Foul Ball, location: 2F 3-2: Strikes out swinging
|
Batting: RHB Jorge Lagunas
|
0-0: Ball 1-0: Ball 2-0: Ball 3-0: Called Strike 3-1: Foul Ball, location: 2F 3-2: Strikes out swinging
|
Top of the 1st over - 0 runs, 0 hits, 0 errors, 0 left on base; Eugene 0 - Batavia 0 |
BOTTOM OF THE 1ST |
Batavia Muckdogs batting - Pitching for Eugene Emeralds : RHP Brendan Malzone
|
Pitching: RHP Brendan Malzone
|
|
Batting: RHB Hiromitsu Yamada
|
0-0: Called Strike 0-1: Called Strike 0-2: Ball 1-2: Ball 2-2: Fly out, F8 (Flyball, 8RM, EV 88.8 MPH)
|
Batting: RHB Rick English
|
0-0: Called Strike 0-1: Swinging Strike 0-2: Ball 1-2: Ball 2-2: Ball 3-2: Foul Ball, location: 2F 3-2: Base on Balls
|
Batting: SHB Justin Corbett
|
0-0: Foul Ball, location: 2F 0-1: Fly out, F9 (Flyball, 9D, EV 98.1 MPH)
|
Batting: RHB Justin Dunham
|
0-0: Called Strike 0-1: Foul Ball, location: 2F 0-2: Ball 1-2: Ball 2-2: Ball 3-2: Base on Balls Rick English to second
|
Pitching: RHP Jose Mata
|
|
Batting: RHB Tony Ledezma
|
0-0: Foul Ball, location: 2F 0-1: Ball 1-1: Swinging Strike 1-2: Strikes out looking
|
Bottom of the 1st over - 0 runs, 0 hits, 0 errors, 2 left on base; Eugene 0 - Batavia 0 |
TOP OF THE 2ND |
Eugene Emeralds batting - Pitching for Batavia Muckdogs : RHP Sean Fowler
|
Batting: RHB Bartolo Aguilar
|
0-0: Foul Ball, location: 2F 0-1: Foul Ball, location: 2F 0-2: Strikes out swinging
|
Batting: RHB Mike Larson
|
0-0: Swinging Strike 0-1: Ball 1-1: Ball 2-1: Ball 3-1: Fly out, F9 (Flyball, 9D, EV 93.1 MPH)
|
Batting: RHB T.J. Garrison
|
0-0: Foul Ball, location: 2F 0-1: Foul Ball, location: 2F 0-2: Strikes out swinging
|
Top of the 2nd over - 0 runs, 0 hits, 0 errors, 0 left on base; Eugene 0 - Batavia 0 |
BOTTOM OF THE 2ND |
Batavia Muckdogs batting - Pitching for Eugene Emeralds : RHP Jose Mata
|
Batting: LHB Danny Treto
|
0-0: Ball 1-0: Ball 2-0: Foul Ball, location: 2F 2-1: DOUBLE (Flyball, 89XD, EV 102.5 MPH)
|
Batting: RHB George Boivin
|
0-0: Ball 1-0: Ball 2-0: SINGLE (Line Drive, 78S, EV 88.8 MPH) Danny Treto to third Runner from 3rd tries for Home, SAFE, throw by CF to home
|
Batting: RHB Jason Thrash
|
0-0: Foul Ball, location: 2F 0-1: SINGLE (Groundball, 25, EV 70.6 MPH) (infield hit) George Boivin to second
|
Batting: RHB Calvin Morin
|
0-0: Called Strike 0-1: Fly out, F8 (Flyball, 89D, EV 93.8 MPH)
|
Batting: RHB Hiromitsu Yamada
|
0-0: Ball Passed Ball! George Boivin to third Jason Thrash to second 1-0: SINGLE (Groundball, 6D, EV 98.8 MPH) George Boivin scores Jason Thrash to third
|
Batting: RHB Rick English
|
0-0: Fielders Choice at 2nd, 3-6 (Groundball, 34S, EV 82.5 MPH) Jason Thrash scores
|
Pitching: RHP Victor de Leon
|
|
Batting: SHB Justin Corbett
|
0-0: 2-RUN HOME RUN (Flyball, 9D, EV 93.1 MPH), Distance : 356 ft
|
Batting: RHB Justin Dunham
|
0-0: Ball 1-0: Ball 2-0: SINGLE (Line Drive, 3D, EV 95.6 MPH)
|
Batting: RHB Tony Ledezma
|
0-0: Called Strike Justin Dunham steals 2nd, throwing error, E2 Justin Dunham to third 0-1: Foul Ball, location: 2F 0-2: Ball 1-2: SINGLE (Line Drive, 7S, EV 87.5 MPH) Justin Dunham scores
|
Batting: LHB Danny Treto
|
0-0: Called Strike 0-1: DOUBLE (Line Drive, 7LM, EV 106.2 MPH) Tony Ledezma to third
|
Batting: RHB George Boivin
|
0-0: Swinging Strike 0-1: Swinging Strike 0-2: Foul Ball, location: 2F 0-2: Ball 1-2: Ground out 6-3 (Groundball, 6, EV 91.9 MPH)
|
Bottom of the 2nd over - 6 runs, 8 hits, 1 error, 2 left on base; Eugene 0 - Batavia 6 |
TOP OF THE 3RD |
Eugene Emeralds batting - Pitching for Batavia Muckdogs : RHP Sean Fowler
|
Batting: RHB Juan Lira
|
0-0: Reached via error on a dropped throw from 1B, E1 (Groundball, 34, EV 88.8 MPH)
|
Batting: LHB Jerry Tyson
|
0-0: Sac Bunt to 15S - play at first, batter OUT! 1-3 Juan Lira to second
|
Batting: RHB Gustavo Rodriguez
|
0-0: SINGLE (Flyball, 4D, EV 96.9 MPH) Juan Lira to third
|
Batting: RHB Hugo Torrez
|
0-0: Foul Ball, location: 2F 0-1: Swinging Strike 0-2: Ball 1-2: Ball 2-2: Ball 3-2: Strikes out looking
|
Batting: RHB Dustin Goldsborough
|
0-0: Ball 1-0: Foul Ball, location: 2F 1-1: Ball 2-1: Called Strike 2-2: Foul Ball, location: 2F 2-2: Ball 3-2: Strikes out swinging
|
Top of the 3rd over - 0 runs, 1 hit, 1 error, 2 left on base; Eugene 0 - Batavia 6 |
BOTTOM OF THE 3RD |
Batavia Muckdogs batting - Pitching for Eugene Emeralds : RHP Victor de Leon
|
Batting: RHB Jason Thrash
|
0-0: Ball 1-0: Ball 2-0: Foul Ball, location: 2F 2-1: Swinging Strike 2-2: SOLO HOME RUN (Flyball, 9D, EV 98.8 MPH), Distance : 377 ft
|
Pitching: LHP Alex Gandarilla
|
|
Batting: RHB Calvin Morin
|
0-0: Ground out 4-3 (Groundball, 4M, EV 101.2 MPH)
|
Batting: RHB Hiromitsu Yamada
|
0-0: Ball 1-0: Ball 2-0: Ball 3-0: Base on Balls
|
Batting: RHB Rick English
|
0-0: Called Strike 0-1: Called Strike 0-2: Strikes out looking
|
Batting: SHB Justin Corbett
|
0-0: Ball 1-0: Ball 2-0: Foul Ball, location: 2F 2-1: Ball 3-1: Base on Balls Hiromitsu Yamada to second
|
Batting: RHB Justin Dunham
|
0-0: Ball 1-0: Ball 2-0: Fielders Choice at 2nd, 6-4 (Groundball, 6, EV 105.0 MPH)
|
Bottom of the 3rd over - 1 run, 1 hit, 0 errors, 2 left on base; Eugene 0 - Batavia 7 |
TOP OF THE 4TH |
Eugene Emeralds batting - Pitching for Batavia Muckdogs : RHP Sean Fowler
|
Batting: RHB Jorge Lagunas
|
0-0: Ball 1-0: Ball 2-0: Foul Ball, location: 2F 2-1: Ball 3-1: Foul Ball, location: 2F 3-2: Foul Ball, location: 2F 3-2: Foul Ball, location: 2F 3-2: Foul Ball, location: 2F 3-2: DOUBLE (Flyball, 89D, EV 111.9 MPH)
|
Batting: RHB Bartolo Aguilar
|
0-0: Called Strike 0-1: Swinging Strike 0-2: Foul Ball, location: 2F 0-2: Strikes out swinging
|
Batting: RHB Mike Larson
|
0-0: Swinging Strike 0-1: Called Strike 0-2: Strikes out looking
|
Batting: RHB T.J. Garrison
|
0-0: Called Strike 0-1: Foul Ball, location: 2F 0-2: Foul Ball, location: 2F 0-2: Foul Ball, location: 2F 0-2: Ball 1-2: Strikes out swinging
|
Top of the 4th over - 0 runs, 1 hit, 0 errors, 1 left on base; Eugene 0 - Batavia 7 |
BOTTOM OF THE 4TH |
Batavia Muckdogs batting - Pitching for Eugene Emeralds : LHP Alex Gandarilla
|
Batting: RHB Tony Ledezma
|
0-0: Called Strike 0-1: Called Strike 0-2: Ball 1-2: Ball 2-2: DOUBLE (Line Drive, 78D, EV 105.0 MPH)
|
Pitching: RHP Rodolfo Perez
|
|
Batting: LHB Danny Treto
|
0-0: Ball 1-0: DOUBLE (Line Drive, 3D, EV 102.5 MPH) Tony Ledezma scores
|
Batting: RHB George Boivin
|
0-0: Ball 1-0: Ball 2-0: Swinging Strike 2-1: Ball 3-1: Base on Balls
|
Batting: RHB Jason Thrash
|
0-0: Ball 1-0: Reached on error, E3 (Groundball, 23, EV 86.2 MPH) Danny Treto to third George Boivin to second
|
Batting: RHB Calvin Morin
|
0-0: Called Strike 0-1: Ball 1-1: Ball 2-1: DOUBLE (Groundball, 5L, EV 104.4 MPH) Danny Treto scores George Boivin scores Jason Thrash to third
|
Batting: RHB Hiromitsu Yamada
|
0-0: Ball 1-0: Called Strike 1-1: Ball 2-1: Foul Ball, location: 2F 2-2: Foul Ball, location: 2F 2-2: Reached on error, E5 (Groundball, 56S, EV 67.5 MPH) Jason Thrash scores Calvin Morin to third
|
Batting: RHB Rick English
|
0-0: Ball 1-0: Swinging Strike 1-1: Fly out, F8 (Flyball, 8RM, EV 81.2 MPH) Runner from 3rd tags up, SCORES, no throw by CF
|
Batting: SHB Justin Corbett
|
0-0: Ball 1-0: Fly out, F9 (Line Drive, 9, EV 93.8 MPH)
|
Batting: RHB Justin Dunham
|
0-0: Ball 1-0: Foul Ball, location: 2F 1-1: Ball 2-1: Ball 3-1: Reached on error, E6 (Groundball, 6, EV 82.5 MPH) Hiromitsu Yamada to second
|
Batting: RHB Tony Ledezma
|
0-0: Fly out, F8 (Flyball, 8RM, EV 90.0 MPH)
|
Bottom of the 4th over - 5 runs, 3 hits, 3 errors, 2 left on base; Eugene 0 - Batavia 12 |
TOP OF THE 5TH |
Eugene Emeralds batting - Pitching for Batavia Muckdogs : RHP Sean Fowler
|
Batting: RHB Juan Lira
|
0-0: Ball 1-0: Swinging Strike 1-1: Swinging Strike 1-2: Strikes out swinging
|
Batting: LHB Jerry Tyson
|
0-0: Ball 1-0: Called Strike 1-1: Called Strike 1-2: Strikes out swinging
|
Batting: RHB Gustavo Rodriguez
|
0-0: Ball 1-0: Ball 2-0: Ball 3-0: Called Strike 3-1: Swinging Strike 3-2: Foul Ball, location: 2F 3-2: Foul Ball, location: 2F 3-2: Strikes out swinging
|
Top of the 5th over - 0 runs, 0 hits, 0 errors, 0 left on base; Eugene 0 - Batavia 12 |
BOTTOM OF THE 5TH |
Batavia Muckdogs batting - Pitching for Eugene Emeralds : RHP Rodolfo Perez
|
Batting: LHB Danny Treto
|
0-0: Ball 1-0: Swinging Strike 1-1: Ball 2-1: Ball 3-1: SINGLE (Line Drive, 78M, EV 88.1 MPH)
|
Batting: RHB George Boivin
|
0-0: Called Strike 0-1: Ball 1-1: Foul Ball, location: 2F 1-2: Foul Ball, location: 2F 1-2: Foul Ball, location: 2F 1-2: Ball 2-2: SINGLE (Flyball, 4D, EV 84.4 MPH) Danny Treto to second
|
Batting: RHB Jason Thrash
|
0-0: Fly out, F9 (Line Drive, 9D, EV 86.9 MPH) Runner from 2nd tags up, SAFE at 3rd, no throw by RF
|
Batting: RHB Calvin Morin
|
0-0: Swinging Strike 0-1: Ball 1-1: Ball 2-1: Called Strike 2-2: Foul Ball, location: 2F 2-2: Ball 3-2: Foul Ball, location: 2F 3-2: Grounds into double play, 6-4-3 (Groundball, 6, EV 98.8 MPH)
|
Bottom of the 5th over - 0 runs, 2 hits, 0 errors, 1 left on base; Eugene 0 - Batavia 12 |
TOP OF THE 6TH |
Eugene Emeralds batting - Pitching for Batavia Muckdogs : RHP Sean Fowler
|
Batting: RHB Hugo Torrez
|
0-0: Called Strike 0-1: Ball 1-1: Called Strike 1-2: Strikes out swinging
|
Batting: RHB Dustin Goldsborough
|
0-0: Ball 1-0: Ball 2-0: Fly out, F4 (Popup, 34, EV 68.1 MPH)
|
Batting: RHB Jorge Lagunas
|
0-0: Called Strike 0-1: Fly out, F4 (Line Drive, 4, EV 64.4 MPH)
|
Top of the 6th over - 0 runs, 0 hits, 0 errors, 0 left on base; Eugene 0 - Batavia 12 |
BOTTOM OF THE 6TH |
Batavia Muckdogs batting - Pitching for Eugene Emeralds : RHP Rodolfo Perez
|
Batting: RHB Hiromitsu Yamada
|
0-0: Foul Ball, location: 2F 0-1: DOUBLE (Line Drive, 5D, EV 97.5 MPH)
|
Batting: RHB Rick English
|
0-0: Called Strike 0-1: Swinging Strike 0-2: Strikes out swinging
|
Batting: SHB Justin Corbett
|
0-0: Ball 1-0: SINGLE (Groundball, 56D, EV 96.2 MPH) Hiromitsu Yamada to third Runner from 3rd tries for Home, SAFE, throw by LF to home Justin Corbett to second
|
Batting: RHB Justin Dunham
|
0-0: Foul Ball, location: 2F 0-1: Ball 1-1: Ball 2-1: SINGLE (Groundball, 6MD, EV 100.0 MPH) Justin Corbett to third Runner from 3rd tries for Home, SAFE, throw by CF to home
|
Batting: RHB Tony Ledezma
|
0-0: TRIPLE (Line Drive, 8LXD, EV 100.0 MPH) Justin Dunham scores
|
Batting: LHB Danny Treto
|
0-0: Foul Ball, location: 2F 0-1: Foul Ball, location: 2F 0-2: DOUBLE (Line Drive, 78D, EV 104.4 MPH) Tony Ledezma scores
|
Batting: RHB George Boivin
|
0-0: Called Strike 0-1: Fly out, F7 (Flyball, 7, EV 93.1 MPH)
|
Batting: RHB Jason Thrash
|
0-0: Called Strike 0-1: Swinging Strike 0-2: Strikes out swinging
|
Bottom of the 6th over - 4 runs, 5 hits, 0 errors, 1 left on base; Eugene 0 - Batavia 16 |
TOP OF THE 7TH |
Eugene Emeralds batting - Pitching for Batavia Muckdogs : RHP Sean Fowler
|
Pitching: LHP Matt Boehm
|
|
Batting: RHB Bartolo Aguilar
|
0-0: Swinging Strike 0-1: Ball 1-1: Called Strike 1-2: Strikes out swinging
|
Batting: RHB Mike Larson
|
0-0: Called Strike 0-1: Ball 1-1: Ball 2-1: Foul Ball, location: 2F 2-2: Strikes out swinging
|
Batting: RHB T.J. Garrison
|
0-0: Foul Ball, location: 2F 0-1: Swinging Strike 0-2: Ball 1-2: Strikes out swinging
|
Top of the 7th over - 0 runs, 0 hits, 0 errors, 0 left on base; Eugene 0 - Batavia 16 |
BOTTOM OF THE 7TH |
Batavia Muckdogs batting - Pitching for Eugene Emeralds : RHP Rodolfo Perez
|
Batting: RHB Calvin Morin
|
0-0: SINGLE (Groundball, 6D, EV 99.4 MPH)
|
Batting: RHB Hiromitsu Yamada
|
0-0: Ball 1-0: Ball 2-0: Ball 3-0: Base on Balls Calvin Morin to second
|
Batting: RHB Rick English
|
0-0: Ball 1-0: Ball Wild Pitch! Calvin Morin to third Hiromitsu Yamada to second 2-0: Ball 3-0: Base on Balls
|
Batting: SHB Justin Corbett
|
0-0: SINGLE (Flyball, 34D, EV 95.0 MPH) Calvin Morin scores Hiromitsu Yamada to third Rick English to second
|
Batting: RHB Justin Dunham
|
0-0: Ball 1-0: Ball 2-0: Fielders Choice at 2nd, 3-6 (Groundball, 34, EV 84.4 MPH) Hiromitsu Yamada scores Rick English to third
|
Batting: RHB Tony Ledezma
|
0-0: Grounds into double play, 1-6-3 (Groundball, 13S, EV 66.2 MPH)
|
Bottom of the 7th over - 2 runs, 2 hits, 0 errors, 1 left on base; Eugene 0 - Batavia 18 |
TOP OF THE 8TH |
Eugene Emeralds batting - Pitching for Batavia Muckdogs : LHP Matt Boehm
|
Batting: RHB Juan Lira
|
0-0: Called Strike 0-1: Ball 1-1: Ball 2-1: Ball 3-1: Called Strike 3-2: Strikes out looking
|
Batting: LHB Jerry Tyson
|
0-0: Swinging Strike 0-1: Ball 1-1: Swinging Strike 1-2: Ball 2-2: Strikes out swinging
|
Batting: RHB Gustavo Rodriguez
|
0-0: Called Strike 0-1: Called Strike 0-2: Ball 1-2: Strikes out swinging
|
Top of the 8th over - 0 runs, 0 hits, 0 errors, 0 left on base; Eugene 0 - Batavia 18 |
BOTTOM OF THE 8TH |
Batavia Muckdogs batting - Pitching for Eugene Emeralds : RHP Rodolfo Perez
|
Batting: LHB Danny Treto
|
0-0: Ball 1-0: Called Strike 1-1: Ball 2-1: Ball 3-1: Base on Balls
|
Batting: RHB George Boivin
|
0-0: SINGLE (Groundball, 4MD, EV 104.4 MPH) Danny Treto to second Runner from 2nd tries for 3rd, SAFE, throw by CF made to third
|
Batting: RHB Jason Thrash
|
0-0: SINGLE (Groundball, 56D, EV 94.4 MPH) Danny Treto scores George Boivin to second
|
Batting: RHB Calvin Morin
|
0-0: Fielders Choice at 3rd, U5 (Groundball, 5L, EV 87.5 MPH) Jason Thrash to second
|
Batting: RHB Hiromitsu Yamada
|
0-0: Ball 1-0: Fielders Choice at 2nd, 5-4 (Groundball, 56, EV 95.0 MPH) Jason Thrash to third
|
Batting: RHB Rick English
|
0-0: SINGLE (Groundball, 13, EV 81.2 MPH) (infield hit) Jason Thrash scores Hiromitsu Yamada to second
|
Batting: SHB Justin Corbett
|
0-0: Ball 1-0: SINGLE (Groundball, 34D, EV 101.9 MPH) Hiromitsu Yamada to third Rick English to second Runner from 3rd tries for Home, SAFE, throw by RF to home
|
Pinch Hitting: RHB Jeremy Dennis
|
0-0: Ball 1-0: Swinging Strike 1-1: Swinging Strike 1-2: Strikes out swinging
|
Bottom of the 8th over - 3 runs, 4 hits, 0 errors, 2 left on base; Eugene 0 - Batavia 21 |
TOP OF THE 9TH |
Eugene Emeralds batting - Pitching for Batavia Muckdogs : LHP Matt Boehm
|
Now at 2B: Jeremy Dennis
|
|
Batting: RHB Hugo Torrez
|
0-0: Ball 1-0: Ball 2-0: Ball 3-0: Foul Ball, location: 2F 3-1: Called Strike 3-2: Base on Balls
|
Batting: RHB Dustin Goldsborough
|
0-0: Ball 1-0: Ball 2-0: Called Strike 2-1: Ball 3-1: Swinging Strike 3-2: Foul Ball, location: 2F 3-2: Strikes out swinging
|
Batting: RHB Jorge Lagunas
|
0-0: Ball 1-0: Foul Ball, location: 2F 1-1: Ball 2-1: Swinging Strike 2-2: Strikes out swinging
|
Batting: RHB Bartolo Aguilar
|
0-0: Called Strike 0-1: Foul Ball, location: 2F 0-2: Foul Ball, location: 2F 0-2: Strikes out swinging
|
Top of the 9th over - 0 runs, 0 hits, 0 errors, 1 left on base; Eugene 0 - Batavia 21 |
|